AoeStats
← MatZpt

Arena

510181541Analyzed
2v2 RM · 2d ago on Sep 29, 2026· 84m 52s· 4 players
Game mode
Random Map
Map size
Medium (4 player)
Population
200
Speed
Normal
Resources
Standard
Victory
Conquest
Starting age
Dark Age
Ending age
Imperial Age
RankedLock teamsTeams togetherTeam positionsShared explorationLock speedFull tech treeHidden civsTurbo modeCheats
Victory
Defeat
🇵🇹 Wei · Portugal
931
+15
🇵🇹 Teutons · Portugal
920
+15
🇦🇷 Cumans · Argentina
902
-15
🇧🇷 Mongols · Brazil
895
-15
victoragro7
4:12 Loom
10:56 Feudal Age
15:52 Castle Age
15:42 Double-Bit Axe
17:41 Bow Saw
23:07 Fletching
25:05 Padded Archer Armor
31:40 Bodkin Arrow
34:12 Leather Archer Armor
36:04 Ballistics
38:52 Imperial Age
37:40 Wheelbarrow
38:23 Caravan
41:50 Chemistry
40:55 Bracer
41:51 Heavy Cavalry Archer
44:33 Arson
44:37 Cavalier
45:19 Husbandry
47:22 Parthian Tactics
48:13 Bloodlines
48:15 Forging
51:22 Iron Casting
50:16 Light Cavalry
51:26 Hussar
53:24 Scale Barding Armor
54:20 Blast Furnace
56:50 Fortified Wall
56:46 Siege Engineers
56:52 Masonry
60:09 Chain Barding Armor
61:10 Onager
78:14 Elite Skirmisher
80:10 Elite Skirmisher
dr.reyolmosleonardo
0:31 Loom
11:28 Feudal Age
20:36 Castle Age
20:32 Double-Bit Axe
20:39 Pikeman
21:05 Arson
21:21 Squires
23:12 Capped Ram
34:00 Imperial Age
31:32 Horse Collar
32:48 Forging
34:42 Cavalier
38:08 Paladin
40:23 Scale Barding Armor
41:03 Iron Casting
55:49 Halberdier
61:50 Town Watch
74:05 Cuman Mercenaries
MatZpt
8:47 Loom
11:29 Feudal Age
12:34 Double-Bit Axe
15:34 Wheelbarrow
19:48 Castle Age
17:59 Horse Collar
18:26 Stone Mining
18:54 Gold Mining
20:12 Town Watch
34:11 Imperial Age
32:22 Forging
32:03 Fletching
32:15 Scale Mail Armor
33:01 Heavy Plow
34:07 Bow Saw
33:56 Elite Skirmisher
35:14 Conscription
35:22 Hand Cart
36:22 Town Patrol
37:19 Squires
36:40 Pikeman
39:21 Scale Barding Armor
39:33 Chain Mail Armor
39:53 Iron Casting
39:13 Bodkin Arrow
39:19 Padded Archer Armor
39:00 Halberdier
43:04 Chain Barding Armor
44:43 Chemistry
48:14 Crop Rotation
48:48 Blast Furnace
50:20 Capped Ram
50:30 Elite Teutonic Knight
51:47 Arson
58:42 Crenellations
70:00 Plate Mail Armor
70:05 Plate Barding Armor
69:46 Leather Archer Armor
MenesesDoTalho
8:58 Loom
11:34 Feudal Age
11:55 Horse Collar
12:04 Double-Bit Axe
18:40 Castle Age
16:43 Gold Mining
18:37 Wheelbarrow
18:00 Stone Mining
23:13 Thumb Ring
29:52 Hand Cart
35:38 Imperial Age
38:21 Chemistry
38:55 Parthian Tactics
39:36 Padded Archer Armor
39:26 Fletching
39:37 Scale Mail Armor
39:43 Scale Barding Armor
40:10 Bow Saw
41:31 Leather Archer Armor
41:40 Ballistics
47:52 Pikeman
48:53 Elite Skirmisher
53:00 Ring Archer Armor
52:25 Bodkin Arrow
55:08 Conscription
68:21 Caravan
73:00 Onager
Connection lost

Rejoining the realm…

Still unreachable

The connection could not be restored.

Session expired

The server has moved on; the page needs a fresh start.